Map: Abyssal Reef LE

Players

Dolan - Winner!

  • Race: Terran Terran
  • Spawn Location: 5:00

Mokomi

  • Race: Protoss Protoss
  • Spawn Location: 11:00

Event: WCS Austin 2017

VOD

Have the link to the VOD?

Description

Time

  • Played on: April 28, 2017, 5:15 p.m.
  • Length: 9:27

All games in this series

Show
View Real Time Build Order
Export as new Build Order

Dolan Terran - Winner!

Build Orders: 1/1/1, Liberator Opening 

Get SALT Encoding   

  12  0:00  SCV  
  13  0:12  SCV  
  14  0:17  Supply Depot  
  14  0:25  SCV  
  14  0:27  Refinery  
  15  0:38  SCV  
  16  0:44  Barracks  
  16  0:50  SCV  
  17  1:03  SCV  
  18  1:15  SCV  
  19  1:31  Factory, Marine  
  19  1:32  Orbital Command  
  20  1:37  Refinery  
  20  1:42  Supply Depot  
  20  1:52  Barracks Reactor  
  20  1:58  SCV  
  21  2:13  SCV  
  21  2:14  Widow Mine  
  24  2:20  Starport  
  24  2:21  Bunker  
  24  2:28  Engineering Bay  
  24  2:36  Marine x2  
  26  2:44  SCV  
  26  2:45  Widow Mine  
  29  2:54  Missile Turret  
  29  3:00  Marine x2  
  31  3:20  Bunker  
  31  3:23  Liberator  
  31  3:39  Marine  
  31  3:40  Widow Mine, Marine  
  36  3:49  Supply Depot  
  35  4:09  Supply Depot  
  33  4:10  Marine x2  
  34  4:19  Missile Turret  
  34  4:20  Widow Mine  
  32  4:45  Marine x2  
  33  4:54  Factory Tech Lab  
  26  5:11  SCV  
  27  5:35  Liberator  
  26  5:42  SCV  
  26  5:48  Marine x2  
  28  5:53  Widow Mine  
  30  5:59  SCV  
  30  6:12  Marine  
  29  6:23  Siege Tank  
  32  6:28  SCV  
  33  6:34  Marine x2  
  33  6:35  Liberator  
  40  6:59  Siege Tank  
  40  7:01  Marine x2  
  43  7:09  Barracks  
  41  7:20  Supply Depot  
  41  7:22  Marine x2  
  43  7:26  SCV  
  44  7:34  Siege Tank  
  47  7:37  Liberator  
  47  7:52  Marine x2  
  45  8:11  Marine x2  
  40  8:14  Siege Tank  
  43  8:20  Liberator  
  43  8:26  Marine, SCV  
  45  8:29  Marine  
  45  8:32  Bunker  
  46  8:37  Marine  
  50  8:44  Marine  
  49  8:55  Marine x2  
  39  9:02  Marine  
Show
View Real Time Build Order
Export as new Build Order

Mokomi Protoss 

Build Orders: Oracle Opening 

Get SALT Encoding   

  12  0:00  Probe (Chrono Boost)  
  13  0:11  Probe (Chrono Boost)  
  14  0:17  Pylon  
  14  0:22  Probe (Chrono Boost)  
  15  0:36  Probe (Chrono Boost)  
  15  0:37  Gateway  
  15  0:42  Assimilator  
  16  0:46  Probe (Chrono Boost)  
  18  0:57  Probe (Chrono Boost)  
  18  1:07  Probe (Chrono Boost)  
  18  1:10  Assimilator  
  19  1:18  Probe (Chrono Boost)  
  20  1:24  Pylon  
  20  1:28  Probe (Chrono Boost), Cybernetics Core  
  21  1:39  Probe (Chrono Boost)  
  22  1:49  Probe (Chrono Boost)  
  24  2:01  Adept  
  24  2:05  Warp Gate  
  24  2:06  Stargate  
  25  2:12  Probe (Chrono Boost)  
  26  2:18  Pylon  
  26  2:24  Mothership Core (Chrono Boost)  
  28  2:31  Adept  
  30  2:48  Oracle  
  33  3:08  Pylon  
  29  3:13  Pylon x2  
  29  3:17  Robotics Facility, Probe (Chrono Boost)  
  30  3:33  Probe (Chrono Boost)  
  31  3:42  Oracle  
  31  3:45  Probe (Chrono Boost)  
  30  4:02  Nexus  
  28  4:13  Observer  
  27  4:18  Probe (Chrono Boost)  
  24  4:30  Probe (Chrono Boost)  
  25  4:42  Probe (Chrono Boost)  
  21  4:54  Probe (Chrono Boost)  
  21  4:55  Stalker  
  21  5:10  Observer, Probe (Chrono Boost)  
  23  5:18  Probe (Chrono Boost)  
  25  5:23  Probe (Chrono Boost)  
  26  5:28  Probe (Chrono Boost)  
  26  5:35  Probe (Chrono Boost)  
  26  5:39  Probe (Chrono Boost)  
  27  5:47  Probe (Chrono Boost)  
  28  5:52  Probe (Chrono Boost)  
  29  5:59  Probe (Chrono Boost)  
  29  6:03  Observer, Probe (Chrono Boost)  
  33  6:11  Probe (Chrono Boost)  
  33  6:13  Probe (Chrono Boost)  
  34  6:23  Probe (Chrono Boost)  
  34  6:24  Probe (Chrono Boost)  
  36  6:32  Immortal  
  36  6:34  Probe (Chrono Boost)  
  36  6:36  Probe (Chrono Boost)  
  43  6:48  Probe (Chrono Boost)  
  42  7:00  Probe (Chrono Boost)  
  44  7:02  Probe (Chrono Boost)  
  44  7:04  Assimilator  
  44  7:07  Pylon  
  40  7:11  Probe (Chrono Boost)  
  40  7:13  Stalker  
  40  7:14  Probe (Chrono Boost)  
  44  7:22  Probe (Chrono Boost)  
  45  7:26  Probe (Chrono Boost)  
  46  7:32  Probe (Chrono Boost)  
  48  7:38  Probe (Chrono Boost), Stalker  
  50  7:47  Probe (Chrono Boost)  
  49  7:52  Immortal  
  35  8:12  Probe (Chrono Boost)  
  25  8:13  Probe (Chrono Boost)  
  26  8:32  Adept  
  23  8:55  Probe (Chrono Boost)  
  17  8:56  Probe (Chrono Boost)  
  17  8:59  Stalker  
Tags
 
Add a new tag
Caveats
  • Supply blocks, unpowered buildings, or Contaminate may cause inaccurate times.
  • Supply counts are checked every 10 seconds.